 Dungeon Crawl Stone Soup version 0.20-a0-940-g1ecfa5a (webtiles) character file.

428 Rrauwl the Prestidigitator (level 6, -4/47 HPs)
             Began as a Barachi Artificer on Mar 31, 2017.
             Slain by an ogre
             ... wielding a +0 giant club
              (22 damage)
             ... on level 4 of the Dungeon.
             The game lasted 00:21:42 (3101 turns).

Rrauwl the Prestidigitator (Barachi Artificer)      Turns: 3101, Time: 00:21:42

Health: -4/47      AC: 11    Str: 14    XL:     6   Next: 98%
Magic:  13/13      EV:  4    Int: 12    God:
Gold:   168        SH:  0    Dex: 13    Spells: 5/5 levels left

rFire    . . .     SeeInvis .   a - +0 quarterstaff
rCold    + . .     Gourm    .   (shield currently unavailable)
rNeg     . . .     Faith    .   m - +0 plate armour
rPois    .         Spirit   .   x - +0 hat
rElec    .         Reflect  .   (no cloak)
rCorr    .         Harm     .   (no gloves)
MR       .....                  (no boots)
Stlth    ..........             (no amulet)
Regen    0.2/turn               v - ring of protection from cold
MPRegen  0.2/turn               (no ring)

@: slow
A: +LOS, swims, slowness 1, strong legs 1
a: Hop


You were on level 4 of the Dungeon.
You were not hungry.

You visited 1 branch of the dungeon, and saw 4 of its levels.

You collected 168 gold pieces.

Inventory:

Hand Weapons
 a - a +0 quarterstaff (weapon)
 y - a +0 hunting sling
Missiles
 i - 13 sling bullets
 l - 130 stones (quivered)
Armour
 m - a +0 plate armour (worn)
 x - a +0 hat (worn)
Jewellery
 v - a ring of protection from cold (left hand)
Wands
 c - a wand of flame (12/48)
 d - a wand of enslavement (14/24)
 e - a wand of random effects (14/48)
Scrolls
 b - a scroll of fog {unknown}
 g - 6 scrolls of identify {unknown}
 j - a scroll of amnesia {unknown}
 k - 2 scrolls of blinking {unknown}
 o - 3 scrolls of enchant armour {unknown}
 p - 4 scrolls of teleportation {unknown}
 t - 3 scrolls of remove curse
Potions
 h - a potion of curing
 n - 2 potions of heal wounds
Comestibles
 f - 2 bread rations
 q - 5 chunks of flesh
 r - a meat ration
 s - 4 fruits


   Skills:
 + Level 3.1 Fighting
   Level 1.1 Short Blades
   Level 1.0(5.3) Polearms
 + Level 9.2(9.3) Staves
 + Level 3.3 Armour
 + Level 2.2 Dodging
 - Level 1.0 Stealth
   Level 1.2 Shields
 + Level 10.3 Evocations


You had 5 spell levels left.
You didn't know any spells.

Dungeon Overview and Level Annotations

Branches:
Dungeon (4/15)
 Temple: D:4-7

Altars:
Elyvilon
Fedhas
Makhleb
Nemelex Xobeh
Qazlal
Ru


Innate Abilities, Weirdness & Mutations

Shadows flee at your approach. (+LOS)
You can swim through water.
You cover ground slowly.
You can hop short distances.


Message History

You barely miss the worm.
The worm is severely wounded.
The worm bites you.
You barely miss the worm.
The worm is heavily wounded.
You feel less wooden.
Your +0 hat unmelds from your body.
Your +0 plate armour unmelds from your body.
The ogre hits you but does no damage.
Your plate armour prevents you from hitting the ogre.
The ogre hits you with a giant club!
You hit the ogre.
The ogre is lightly wounded.
Your plate armour prevents you from hitting the ogre.
The ogre is lightly wounded.
The ogre hits you with a giant club!
You hit the ogre.
The ogre is lightly wounded.
The ogre hits you with a giant club!!
You die...

.. #.# ##.W
#..### ##..Z
#....# #.oo.
#....## #...S
#.....# #....
#....# #...
#....# #.. #@.#
####'########O#
#............w#
#.............#
#.............#
#.########+####
#..###
#...#.... .##
#....#
#.#.#.... ...
#....##
#.#.#... ...


You could see an ogre and a worm.

Vanquished Creatures
  The ghost of katzbalger the Poker, a weakling HuGl (D:3)
  An orc priest (D:4)
  An orc wizard (D:3)
  A worker ant (D:4)
  3 gnolls (D:4)
  3 adders
  2 worms
  2 dart slugs (D:1)
  8 leopard geckos
  11 orcs
  A ball python (D:2)
  4 bats
  4 giant cockroaches
  4 goblins
  7 hobgoblins
  3 quokkas
  2 frilled lizards
  A jackal skeleton (D:4)
  9 kobolds
  9 rats
77 creatures vanquished.

Vanquished Creatures (collateral kills)
  A ball python (D:3)
1 creature vanquished.

Grand Total: 78 creatures vanquished

Notes
Turn   | Place    | Note
-------+----------+-------------------------------------------
     0 | D:1      | Rrauwl the Barachi Artificer began the quest for the Orb.
     0 | D:1      | Reached XP level 1. HP: 15/15 MP: 3/3
    18 | D:1      | Reached skill level 1 in Stealth
   300 | D:1      | Reached XP level 2. HP: 20/21 MP: 4/4
   304 | D:1      | Reached skill level 1 in Armour
   829 | D:1      | Reached XP level 3. HP: 27/27 MP: 5/5
  1079 | D:2      | Reached skill level 4 in Evocations
  1406 | D:2      | Reached XP level 4. HP: 28/34 MP: 7/7
  1645 | D:3      | Found a burning altar of Makhleb.
  2060 | D:3      | Noticed katzbalger's ghost (weakling HuGl)
  2138 | D:3      | Killed katzbalger's ghost
  2138 | D:3      | Reached skill level 1 in Polearms
  2138 | D:3      | Reached skill level 1 in Shields
  2138 | D:3      | Reached XP level 5. HP: 37/41 MP: 8/8
  2279 | D:3      | Reached skill level 10 in Evocations
  2279 | D:3      | Reached XP level 6. HP: 47/47 MP: 8/13
  2286 | D:3      | Found a blossoming altar of Fedhas.
  2289 | D:3      | Found a sparkling altar of Nemelex Xobeh.
  2290 | D:3      | Found a stormy altar of Qazlal.
  2291 | D:3      | Found a sacrificial altar of Ru.
  2291 | D:3      | Found a white marble altar of Elyvilon.
  3027 | D:4      | Noticed a phantom
  3101 | D:4      | Slain by an ogre

Vault maps used:
D:1:      dpeg_arrival_prison, serial_park_tiny_2
D:3:      grunt_temple_overflow_open, bloody_makhleb
D:4:      minmay_opposing_rooms, kennysheep_mini_moat, old_standard_altar,
          minmay_temple_entry_overgrown

Skill      XL: |  1  2  3  4  5 |
---------------+----------------+-----
Stealth        | 1 |  1.0
Armour         | 1 2 3 |  3.3
Fighting       | 2 3 |  3.1
Evocations     | 4 10 | 10.3
Polearms       | 1 |  1.0
Shields        | 1 |  1.2
Staves         | 9 |  9.2
Short Blades   | |  1.1
Dodging        | |  2.2

Action                   |  1- 3 |  4- 6 || total
-------------------------+-------+-------++-------
Melee: Short sword       |   172 |    25 ||   197
       Trident           |       |    92 ||    92
       Quarterstaff      |       |    93 ||    93
 Fire: Hunting sling     |       |     7 ||     7
Evoke: Wand              |       |     5 ||     5
  Use: Potion            |       |     8 ||     8
       Scroll            |       |     1 ||     1
  Eat: Chunk             |     2 |     5 ||     7
       Royal jelly       |       |     1 ||     1
Armor: Chain mail        |     5 |       ||     5
       Plate armour      |   116 |   117 ||   233
       Leather armour    |     4 |       ||     4
       Skin              |       |    33 ||    33
Dodge: Dodged            |    47 |    23 ||    70
Block: Shield            |       |    27 ||    27
